 Dungeon Crawl Stone Soup version 0.32-a0-893-gf85d74f360 (webtiles) character file.

Game seed: 18228542828143986986

104 GiantSquids the Shooter (level 4, -2/33 HPs)
             Began as a Coglin Hunter on Apr 3, 2024.
             Shot with an arrow by a centaur (7 damage)
             ... on level 5 of the Dungeon.
             The game lasted 00:02:58 (2268 turns).

GiantSquids the Shooter (Coglin Hunter)             Turns: 2268, Time: 00:02:58

Health: -2/33      AC:  5    Str: 11    XL:     4   Next: 80%
Magic:  4/4        EV: 11    Int:  9    God:
Gold:   160        SH:  0    Dex: 19    Spells: 3/3 levels left

rFire   . . .        a - +2 sling {Akihito}
rCold   . . .        d - +0 sling {Pancho}
rNeg    . . .        c - +0 leather armour
rPois   .            q - +2 hat
rElec   .            (no cloak)
rCorr   .            (no gloves)
SInv    .            (no boots)
Will    .....        (amulet unavailable)
Stlth   ++           (ring unavailable)
HPRegen 0.25/turn    (ring unavailable)
MPRegen 0.09/turn    (no gizmo)

%: no passive effects
@: revved
A: off-hand wielding, slow wielding, warmup strikes, no jewellery
a: Invent Gizmo


You were on level 5 of the Dungeon.
You visited 1 branch of the dungeon, and saw 4 of its levels.

You collected 160 gold pieces.

Inventory:

Hand Weapons
 a - a +2 sling (weapon) {Akihito}
 d - a +0 sling (offhand) {Pancho}
Armour
 c - a +0 leather armour (worn)
 f - a +1 scale mail of poison resistance
 l - a +2 ring mail of willpower
 q - a +2 hat (worn)
Talismans
 o - a flux talisman
Wands
 j - a wand of warping (8)
 k - a wand of mindburst (7)
Scrolls
 b - a scroll of butterflies
 e - 4 scrolls of identify {unknown}
 h - a scroll of vulnerability {unknown}
 i - 2 scrolls of revelation {unknown}
 m - 2 scrolls of amnesia {unknown}
Potions
 g - a potion of brilliance {unknown}
 n - a potion of curing {unknown}
 p - a potion of degeneration {unknown}


   Skills:
 - Level 2.0 Fighting
 + Level 5.4 Ranged Weapons
 - Level 1.8 Dodging
 - Level 0.7 Stealth


You had 3 spell levels left.
You didn't know any spells.
Your spell library was empty.

Dungeon Overview and Level Annotations

Branches:
Dungeon (3/15)

Altars:
Vehumet

Shops:
D:3 (


Innate Abilities, Weirdness & Mutations

You can wield a second weapon in your off-hand.
It takes a long time for you to wield or remove held weapons.
Your first few attacks do less damage.
You cannot equip rings or amulets.


Message History

An endoplasm comes into view.
You shoot a sling bullet. The sling bullet hits the endoplasm.
You kill the endoplasm!
You shoot a sling bullet.
No target in view!
No target in view!
A malevolent force fills the Dungeon...
You fall into a shaft and drop 2 floors!
The shaft crumbles and collapses.
A centaur comes into view.
The centaur shouts!
The centaur wields a +0 shortbow.
The centaur shoots an arrow.
The arrow hits you!
You shoot a sling bullet. The sling bullet hits the centaur.
The centaur is lightly wounded.
You shoot a sling bullet. The sling bullet hits the centaur.
The centaur is moderately wounded.
The centaur shoots an arrow.
The arrow hits you.
The centaur shoots an arrow.
The arrow barely misses you.
You shoot a sling bullet. The sling bullet hits the centaur!
The centaur is heavily wounded.
You shoot a sling bullet.
The sling bullet closely misses the centaur.
A hound comes into view.
You shoot a sling bullet. The hound barks!
The sling bullet hits the centaur.
The centaur is heavily wounded.
You shoot a sling bullet.
The sling bullet hits the centaur but does no damage.
The centaur is heavily wounded.
The centaur shoots an arrow.
The arrow hits you!
You shoot a sling bullet.
The sling bullet barely misses the centaur.
You shoot a sling bullet.
The sling bullet closely misses the centaur.
The centaur shoots an arrow.
The arrow hits you!
* * * LOW HITPOINT WARNING * * *
The centaur shoots an arrow.
The arrow hits you!
You die...

##. # .. ..
#. ...##.#
.hc...
#...## #..##
#@.# ##.##
#..##
##..#######.
##.........
#########.


You could see a centaur and a hound.

Vanquished Creatures
  Ijyb (D:3)
  2 adders
  3 ribbon worms
  A dart slug (D:3)
  2 orcs (D:3)
  4 bats
  4 endoplasms
  3 giant cockroaches (D:1)
  3 goblins
  5 hobgoblins
  3 quokkas
  4 ball pythons
  2 frilled lizards
  5 kobolds
  5 rats
47 creatures vanquished.

Notes
Turn   | Place    | Note
-------+----------+-------------------------------------------
     0 | D:1      | GiantSquids the Coglin Hunter began the quest for the Orb.
     0 | D:1      | Reached XP level 1. HP: 16/16 MP: 1/1
   185 | D:1      | Reached skill level 4 in Ranged Weapons
   185 | D:1      | Reached XP level 2. HP: 22/22 MP: 2/2
   866 | D:2      | Reached XP level 3. HP: 27/27 MP: 3/3
   959 | D:2      | Found a radiant altar of Vehumet.
  1520 | D:3      | Noticed Ijyb
  1531 | D:3      | Killed Ijyb
  1532 | D:3      | Reached skill level 5 in Ranged Weapons
  1532 | D:3      | Reached XP level 4. HP: 6/33 MP: 4/4
  1779 | D:3      | Found Qotauj's Weapon Shoppe.
  2254 | D:3      | You fall into a shaft and drop 2 floors!
  2254 | D:5      | Entered Level 5 of the Dungeon
  2264 | D:5      | Noticed a centaur
  2268 | D:5      | Shot with an arrow by a centaur

Illustrated notes

Levels and vault maps discovered:
D:1:      lightli_arrival_statue_moat, layout_loops_corners
D:2:      layout_loops_ring, basic_altar, minmay_misc_feat_x
D:3:      layout_basic, serial_shops, nicolae_shop_bloodbath_and_beyond,
          uniq_ijyb
D:5:      layout_rooms, nicolae_overflow_macrodata_refinement, uniq_menkaure

Skill      XL: |  1  2  3 |
---------------+----------+-----
Ranged Weapons | 4 5 |  5.4
Fighting       | |  2.0
Dodging        | |  1.8
Stealth        | |  0.7

Action                     |  1- 3 |  4- 6 || total
---------------------------+-------+-------++-------
   Fire: Sling             |   154 |    54 ||   208
 Armour: Leather armour    |     8 |     5 ||    13
  Dodge: Dodged            |     8 |     1 ||     9

Table legend: (Time is in decaauts)
 A = Elapsed time spent in this place.
 B = Non-inter-level travel time spent in this place.
 C = Inter-level travel time spent in this place.
 D = Time resting spent in this place.
 E = Time spent auto-exploring this place.
 F = Levels seen in this place.
 G = Mean time per level.
                   A        B        C        D        E       F      G
               +--------+--------+--------+--------+--------+-----+--------+
         Total |   2289 |   2243 |     46 |      0 |   1993 |   4 |  572.2 |
       Dungeon |   2289 |   2243 |     46 |      0 |   1993 |   4 |  572.2 |
               +--------+--------+--------+--------+--------+-----+--------+

Top non-repeatable levels by time:
     D:1: 836 daAuts
     D:3: 805 daAuts
     D:2: 632 daAuts
     D:5: 14 daAuts
